 Dungeon Crawl Stone Soup version 0.30-b1-2-g02819fbbbe (webtiles) character file.

Game seed: 17533001336315674585

26 Fartwhistle the Insei (level 3, -4/34 HPs)
             Began as an Octopode Transmuter on May 25, 2023.
             Killed by divine providence
             ... invoked by an orc priest
              (10 damage)
             ... on level 2 of the Dungeon.
             The game lasted 00:01:21 (1005 turns).

Fartwhistle the Insei (Octopode Transmuter)         Turns: 1005, Time: 00:01:22

Health: -4/34      AC: 21    Str:  9    XL:     3   Next: 8%
Magic:  5/7        EV:  2    Int: 17    God:
Gold:   59         SH:  0    Dex: 12    Spells: 6/7 levels left

rFire   . .          .
                       - Unarmed
rCold   . . .        (no shield)
rNeg    . . .        (helmet currently unavailable)
rPois   +            (no amulet)
rElec   .            (no ring)
rCorr   .            (no ring)
SInv    .            (no ring)
Will    .....        (no ring)
Stlth   +            (no ring)
HPRegen 0.25/turn    (no ring)
MPRegen 0.10/turn    (no ring)
                     (no ring)

%: no passive effects
@: tree-form
A: stationary, stasis, torment immunity, boosted hp, almost no armour,
(amphibious), 8 rings, (camouflage 1), (gelatinous body 1), (nimble swimmer 1),
(tentacles)
a: no special abilities


You were on level 2 of the Dungeon.
You were a tree.
You visited 1 branch of the dungeon, and saw 2 of its levels.

You collected 59 gold pieces.

Inventory:

Missiles
 h - 2 poisoned darts
Magical Staves
 j - a staff of conjuration
Scrolls
 c - 2 scrolls of enchant armour {unknown}
 g - a scroll of enchant weapon {unknown}
 i - 2 scrolls of silence {unknown}
Potions
 a - a potion of lignification
 b - a potion of cancellation {unknown}
 d - a potion of curing {unknown}
 e - 2 potions of resistance {unknown}
 f - a potion of haste {unknown}


   Skills:
 - Level 1.0 Fighting
 - Level 2.0 Dodging
 - Level 3.0 Unarmed Combat
 + Level 2.7 Spellcasting
 + Level 2.8 Transmutations


You had 6 spell levels left.
You knew the following spells:

 Your Spells              Type           Power      Damage    Failure   Level
a - Beastly Appendage     Tmut           22%        N/A       5%          1

Your spell library contained the following spells:

 Spells                   Type           Power      Damage    Failure   Level
 Wereblood                Tmut           11%        N/A       9%          2
 Spider Form              Tmut/Pois      7%         N/A       30%         3
 Ice Form                 Ice/Tmut       7%         N/A       69%         4


Dungeon Overview and Level Annotations

Branches:
Dungeon (2/15)

Altars:


Innate Abilities, Weirdness & Mutations

You are a tree.
Your roots penetrate the ground, keeping you stationary.
You cannot be teleported.
You are immune to unholy pain and torment.
Your maximum health is greatly increased.
You cannot wear most types of armour.
((You are amphibious.))
You can wear up to eight rings at the same time.
((Your skin changes colour to match your surroundings (Stealth+).))
((Your rubbery body absorbs attacks. (AC +1, EV +1)))
((You are camouflaged when in or above water. (Stealth+)))
((You have tentacles for arms and can constrict up to eight enemies at once.))


Message History

You constrict the orc priest, but do no damage.
The orc priest hits you with a +0 club.
You tentacle-slap the orc priest but do no damage.
You pierce the orc priest, but do no damage.
The orc priest is moderately wounded.
You constrict the orc priest, but do no damage.
The orc priest hits you with a +0 club.
You tentacle-slap the orc priest but do no damage.
You pierce the orc priest, but do no damage.
The orc priest is moderately wounded.
You constrict the orc priest.
The orc priest miscasts a cantrip.
You barely miss the orc priest.
You pierce the orc priest, but do no damage.
The orc priest is moderately wounded.
You constrict the orc priest, but do no damage.
The orc priest barely misses you.
You tentacle-slap the orc priest but do no damage.
You pierce the orc priest, but do no damage.
Your squeeze misses the orc priest.
The orc priest is moderately wounded.
Your tentacle spike disappears.
You constrict the orc priest. The orc priest hits you with a +0 club.
You tentacle-slap the orc priest but do no damage.
The orc priest is heavily wounded.
You constrict the orc priest, but do no damage.
The orc priest hits you with a +0 club.
* * * LOW HITPOINT WARNING * * *
You barely miss the orc priest.
The orc priest is heavily wounded.
You constrict the orc priest, but do no damage.
The orc priest invokes the aid of Beogh against you.
Pain shoots through your body!
* * * LOW HITPOINT WARNING * * *
Really quaff the potion of lignification?
You turn into a tree.
Your roots penetrate the ground.
You lose your grip on the orc priest.
The orc priest invokes the aid of Beogh against you.
Beogh smites you!
You die...

..o. .#.#...
#.#o#####.#...##
................
...........#....g
.................
...#.##o.......#
#....##{##...... .#
#.#..##o# .?..# .
#.#..##♣# .... .
#.#.....# ... .# #
#.#...###### .. .#.#
#..........# #
.#.#.#####...>........
......................
............#.########
......####..#.#
......# #..#.#


You could see an orc priest and an orc.

Vanquished Creatures
  A dart slug (D:1)
  An orc (D:2)
  A ball python (D:2)
  A bat (D:1)
  4 endoplasms
  2 giant cockroaches (D:1)
  2 goblins (D:1)
  3 hobgoblins
  2 frilled lizards (D:2)
  A kobold (D:2)
  2 rats (D:1)
20 creatures vanquished.

Notes
Turn   | Place    | Note
-------+----------+-------------------------------------------
     0 | D:1      | Fartwhistle the Octopode Transmuter began the quest for the
                  | Orb.
     0 | D:1      | Reached XP level 1. HP: 13/13 MP: 3/3
   344 | D:1      | Reached XP level 2. HP: 14/18 MP: 5/5
   996 | D:2      | Reached XP level 3. HP: 18/23 MP: 4/6
  1005 | D:2      | Killed from afar by an orc priest

Illustrated notes

Levels and vault maps discovered:
D:1:      minmay_arrival_widening_spiral_wide, layout_loops_cross
D:2:      layout_basic, amcnicky_mini_rare_corridor_liquid, st_stairs_2

Action                     || total
---------------------------++-------
  Melee: Unarmed           ||    43
         Constrict         ||    12
         Tentacles         ||     8
         Punch             ||     1
         Kick              ||     7
   Cast: Beastly Appendage ||     1
    Use: Potion            ||     1
   Stab: Sleeping          ||     3
  Dodge: Dodged            ||     9
